 Dungeon Crawl Stone Soup version 0.26.0-18-gc5c842f807 (webtiles) character file.

Game seed: 2444047667206526956

105 thiole the Sneak (level 4, 0/27 HPs)
             Began as an Octopode Hedge Wizard on Jan 22, 2021.
             Slain by a centaur
             ... wielding a cursed +0 shortbow
              (9 damage)
             ... on level 2 of the Dungeon.
             The game lasted 00:02:08 (1870 turns).

thiole the Sneak (Octopode Hedge Wizard)            Turns: 1870, Time: 00:02:08

Health: 0/27       AC:  1    Str:  9    XL:     4   Next: 81%
Magic:  6/9        EV: 13    Int: 17    God:
Gold:   141        SH:  0    Dex: 11    Spells: 1/9 levels left

rFire    . . .     SeeInvis .   a - +0 dagger
rCold    . . .     Faith    .   (no shield)
rNeg     . . .     Spirit   .   b - +0 hat
rPois    .         Reflect  .   (no amulet)
rElec    .         Harm     .   (no ring)
rCorr    .         Rampage  .   (no ring)
Will     .....                  (no ring)
Stlth    ++++......             (no ring)
HPRegen  0.09/turn              (no ring)
MPRegen  0.11/turn              (no ring)
                                (no ring)
                                (no ring)

@: no status effects
A: almost no armour, stealthy swim, amphibious, 8 rings, constrict 8, camouflage
1, gelatinous body 1
a: no special abilities


You were on level 2 of the Dungeon.
You visited 1 branch of the dungeon, and saw 2 of its levels.

You collected 141 gold pieces.

Inventory:

Hand Weapons
 a - a +0 dagger (weapon)
Armour
 b - a +0 hat (worn)
Jewellery
 k - a +6 ring of strength {unknown}
Wands
 j - a wand of random effects (18)
Scrolls
 d - 2 scrolls of teleportation {unknown}
 e - 2 scrolls of fog {unknown}
 f - 2 scrolls of identify {unknown}
 h - a scroll of immolation {unknown}
 m - a scroll of random uselessness {unknown}
Potions
 c - a potion of curing
 g - a potion of resistance {unknown}
 i - a potion of attraction {unknown}
 l - a potion of flight {unknown}


   Skills:
 - Level 2.0 Dodging
 + Level 3.7 Stealth
 + Level 3.4 Spellcasting
 - Level 2.0 Conjurations
 - Level 2.0 Summonings
 - Level 1.0 Translocations
 * Level 1.3 Air Magic
 * Level 1.8 Poison Magic


You had one spell level left.
You knew the following spells:

 Your Spells              Type           Power        Failure   Level
a - Magic Dart            Conj           36%          8%          1
b - Call Imp              Summ           9%           11%         2
c - Slow                  Hex            2%           26%         2
d - Mephitic Cloud        Conj/Pois/Air  8%           26%         3

Your spell library contained the following spells:

 Spells                   Type           Power        Failure   Level
 Blink                    Tloc           N/A          17%         2
 Conjure Flame            Conj/Fire      6%           32%         3


Dungeon Overview and Level Annotations

Branches:
Dungeon (2/15)

Altars:
Ashenzari


Innate Abilities, Weirdness & Mutations

You cannot wear most types of armour.
You are very stealthy in the water. (Stealth+)
You are amphibious.
You can wear up to eight rings at the same time.
You can use your tentacles to constrict eight enemies at once.
Your skin changes colour to match your surroundings (Stealth+).
Your rubbery body absorbs attacks. (AC +1, EV +1)


Message History

You closely miss the centaur. You squeeze the centaur!
The centaur is moderately wounded.
The kobold barely misses you.
The centaur hits you with a cursed +0 shortbow!
* * * LOW HITPOINT WARNING * * *
It was a potion of curing.
You feel better. The kobold barely misses you. The centaur closely misses you.
You hit the centaur but do no damage.
The centaur is moderately wounded.
The centaur barely misses you. The kobold barely misses you.
The centaur hits you with a cursed +0 shortbow.
You barely miss the centaur. You squeeze the centaur!
The centaur is almost dead.
The kobold hits you.
* * * LOW HITPOINT WARNING * * *
The centaur misses you.
You hit the centaur.
The centaur is almost dead.
The centaur hits you with a cursed +0 shortbow!
You die...

#...........................##...
..##...................#######...
###..##..########''##### #...
##..####†# ##≈≈(..≈≈≈## ####
#..## #.####≈≈≈≈..≈≈≈≈## #
...#####).##≈≈≈≈≈(.≈≈≈≈≈# ###
.#.#.....##≈≈≈≈≈≈$.≈≈≈≈≈≈# #..
##.#....##≈≈≈≈≈(≈..≈≈≈≈≈≈≈ ##.#
...†....#≈≈≈≈≈≈≈@..≈≈≈≈≈≈≈ ##..#
##.#....#≈≈≈≈≈≈≈cK.≈≈≈≈≈≈≈ ##..##
##.#....#≈≈≈≈≈≈≈l..⌠≈≈≈≈≈ #.....
##.###.##≈≈≈≈≈≈≈....≈≈≈≈≈ ###...
##.# #.##≈≈≈≈≈≈≈....≈≈≈≈≈ #...
##^# #.##≈≈≈≈≈≈≈⌠![⌠≈≈≈≈ ###...
##.# .##≈≈≈≈≈≈≈≈≈≈≈≈≈≈≈ #.#...
##.# ≈≈≈≈≈≈≈≈≈≈≈≈≈≈≈ #..... .# #.
###...


You could see a centaur, a leopard gecko and a kobold.

Vanquished Creatures
  An ogre (D:2)
  An adder (D:2)
  An ooze (D:2)
  A worm (D:2)
  A giant cockroach (D:1)
  2 goblins
  3 hobgoblins
  4 jackals (D:2)
  4 kobolds (D:2)
  A quokka (D:2)
  4 frilled lizards (D:2)
  6 rats
29 creatures vanquished.

Vanquished Creatures (collateral kills)
  A rat (D:2)
1 creature vanquished.

Grand Total: 30 creatures vanquished

Notes
Turn   | Place    | Note
-------+----------+-------------------------------------------
     0 | D:1      | thiole the Octopode Hedge Wizard began the quest for the
                  | Orb.
     0 | D:1      | Reached XP level 1. HP: 11/11 MP: 4/4
   419 | D:1      | Found a broken altar of Ashenzari.
   765 | D:2      | Reached XP level 2. HP: 17/17 MP: 3/6
  1070 | D:2      | Reached XP level 3. HP: 13/21 MP: 2/7
  1550 | D:2      | Learned a level 2 spell: Call Imp
  1553 | D:2      | Learned a level 2 spell: Slow
  1557 | D:2      | Learned a level 3 spell: Mephitic Cloud
  1595 | D:2      | Noticed an ogre
  1623 | D:2      | Killed an ogre
  1624 | D:2      | Reached skill level 1 in Air Magic
  1624 | D:2      | Reached skill level 1 in Poison Magic
  1624 | D:2      | Reached XP level 4. HP: 21/27 MP: 2/9
  1860 | D:2      | Noticed a centaur
  1870 | D:2      | Slain by a centaur

Illustrated notes

Levels and vault maps discovered:
D:1:      dpeg_arrival_long_road, layout_basic, evilmike_ruin_ashenzari
D:2:      kennysheep_big_flooded_room, layout_rooms, minmay_goblin_kobold_house

Skill      XL: |  1  2  3 |
---------------+----------+-----
Stealth        | 3 |  3.7
Summonings     | 2 |  2.0
Conjurations   | 2 |  2.0
Air Magic      | 1 |  1.3
Poison Magic   | 1 |  1.8
Dodging        | |  2.0
Spellcasting   | |  3.4
Translocations | |  1.0

Action                   |  1- 3 |  4- 6 || total
-------------------------+-------+-------++-------
Melee: Dagger            |    34 |     8 ||    42
       Tentacles         |     5 |     2 ||     7
       Constrict         |     4 |     1 ||     5
 Cast: Magic Dart        |    46 |    15 ||    61
       Call Imp          |     3 |       ||     3
  Use: Potion            |       |     1 ||     1
Dodge: Dodged            |    19 |    12 ||    31
